 Seeded DCSS version 0.30.1-9-gdf580d7c3d (webtiles) character file.

Game seed: 9106806156630997546 (custom seed)

45 Psyclone the Conjurer (level 3, -1/19 HPs)
             Began as a Deep Elf Conjurer on Sept 25, 2023.
             Slain by a goblin
             ... wielding a +0 club
             ... led by Robin
              (5 damage)
             ... on level 2 of the Dungeon.
             The game lasted 00:03:06 (1095 turns).

Psyclone the Conjurer (Deep Elf Conjurer)           Turns: 1095, Time: 00:03:07

Health: -1/19      AC:  2    Str:  4    XL:     3   Next: 42%
Magic:  2/10       EV: 12    Int: 24    God:
Gold:   44         SH:  0    Dex: 13    Spells: 7/10 levels left

rFire   . . .        a - +0 falchion
rCold   . . .        (no shield)
rNeg    . . .        j - +0 robe
rPois   +            (no helmet)
rElec   .            (no cloak)
rCorr   .            (no gloves)
SInv    .            (no boots)
Will    .....        (no amulet)
Stlth   ++           i - ring of poison resistance
HPRegen 0.23/turn    (no ring)
MPRegen 0.12/turn

%: no passive effects
@: no status effects
A: no striking features
a: no special abilities


You were on level 2 of the Dungeon.
You visited 1 branch of the dungeon, and saw 2 of its levels.

You collected 44 gold pieces.

Inventory:

Hand Weapons
 a - a +0 falchion (weapon)
Armour
 j - a +0 robe (worn)
Jewellery
 i - a ring of poison resistance (left hand)
Scrolls
 c - a scroll of teleportation {unknown}
 d - a scroll of blinking {unknown}
 k - a scroll of noise {unknown}
Potions
 b - a potion of magic
 e - 3 potions of curing {unknown}
 f - a potion of berserk rage {unknown}
 g - 4 potions of brilliance {unknown}
 h - a potion of lignification {unknown}
 l - a potion of haste {unknown}
 m - a potion of might {unknown}
 n - a potion of attraction {unknown}


   Skills:
 - Level 2.4 Dodging
 - Level 2.4 Stealth
 + Level 4.3 Spellcasting
 + Level 5.1 Conjurations


You had 7 spell levels left.
You knew the following spells:

 Your Spells              Type           Power      Damage    Failure   Level
a - Magic Dart            Conj           100%       1d8       1%          1
b - Searing Ray           Conj           58%        2d6       1%          2

Your spell library contained the following spells:

 Spells                   Type           Power      Damage    Failure   Level
 Dazzling Flash           Conj/Hex       34%        N/A       10%         3
 Scorch                   Fire           10%        2d5       14%         2
 Flame Wave               Conj/Fire      17%        2d7       32%         4
 Fulminant Prism          Conj/Hex       8%         3d7       32%         4
 Iskenderun's Mystic Bla  Conj/Tloc      17%        2d5       32%         4
 Summon Cactus Giant      Summ           2%         N/A       100%        6


Dungeon Overview and Level Annotations

Branches:
Dungeon (2/15) Zot: 10902

Altars:
Qazlal

Shops:
D:1 =


Message History

Robin is moderately wounded.
Robin shouts! (Press . to maintain the ray.)
You hear a shout! x2
Robin roars a battlecry!
You hear a shout!
You now have 1/10 mp.
The searing ray hits Robin.
Robin is heavily wounded.
You now have 0/10 mp.
Without enough magic to sustain it, your searing ray dissipates.
You slash Robin!
You kill Robin! 2 goblins come into view.
A goblin comes into view. It is wielding a +0 dagger.
The goblin moves out of view.
Items here: )) [[ †.
There are monsters nearby!
A goblin comes into view. It is wielding a +0 club.
Items here: )) ††.
The goblin hits you with a +0 club. The goblin barely misses you.
The goblin completely misses you.
Things that are here:
a +0 dagger; a +0 dagger; a goblin corpse You take 6 damage, and have 13/19 hp.
MASSIVE DAMAGE!!
The goblin attacks as you move away! The goblin barely misses you.
The goblin hits you but does no damage.
Items here: )) ††.
The goblin attacks as you move away! The goblin barely misses you.
Items here: )) [[ †.
The goblin attacks as you move away! The goblin closely misses you.
You closely miss the goblin. The goblin hits you with a +0 club.
The goblin closely misses you.
You take 5 damage, and have 9/19 hp.
MASSIVE DAMAGE!!
You barely miss the goblin. The goblin misses you.
You miss the goblin. The goblin hits you with a +0 club.
* * * LOW HITPOINT WARNING * * *
You take 5 damage, and have 4/19 hp.
MASSIVE DAMAGE!!
You barely miss the goblin. The goblin hits you with a +0 club.
You die...

..########.# #........#.#
########...## #### ##....#
[..###############..##..##
................gg.........
##.(..##########g##########
####..# #g# ## # ##.##
#@########.
######..########.......#.
#.................##.#..
#.######..........#.[#.#
..# #####......#.##.# ###
#..>.>..)÷..# ###♣♣♣ #
#######..#### ##..P.♣ #
##.## ##...♣P. ## ######..#
##....PP♣


You could see 4 goblins.

Vanquished Creatures
  Robin (D:2)
  A worm (D:2)
  A dart slug (D:2)
  2 ball pythons
  3 bats (D:1)
  2 endoplasms
  8 goblins
  3 jackals (D:2)
  4 kobolds
  2 frilled lizards (D:1)
  A rat (D:1)
28 creatures vanquished.

Notes
Turn   | Place    | Note
-------+----------+-------------------------------------------
     0 | D:1      | Psyclone the Deep Elf Conjurer began the quest for the Orb.
     0 | D:1      | Reached XP level 1. HP: 10/10 MP: 6/6
   323 | D:1      | Reached XP level 2. HP: 15/15 MP: 4/8
   357 | D:1      | Found Cetaas's Jewellery Emporium.
   711 | D:2      | Found a stormy altar of Qazlal.
   857 | D:2      | Learned a level 2 spell: Searing Ray
  1047 | D:2      | Noticed Robin
  1049 | D:2      | Reached skill level 5 in Conjurations
  1049 | D:2      | Reached XP level 3. HP: 19/19 MP: 4/10
  1085 | D:2      | Killed Robin
  1095 | D:2      | Slain by a goblin

Illustrated notes

Levels and vault maps discovered:
D:1:      onia_arrival_mini_spirals, layout_loops_ring, serial_shops, shop
D:2:      layout_rooms, basic_altar, reono_crystal_passage, minmay_tetromino_l2,
          uniq_robin, uniq_jessica, uniq_crazy_yiuf_cottage

Skill      XL: |  1  2 |
---------------+-------+-----
Spellcasting   | 4 |  4.3
Conjurations   | 5 |  5.1
Dodging        | |  2.4
Stealth        | |  2.4

Action                     || total
---------------------------++-------
  Melee: Falchion          ||    10
   Cast: Magic Dart        ||    46
         Searing Ray       ||     3
 Armour: Robe              ||     3
  Dodge: Dodged            ||    18
